 Dungeon Crawl Stone Soup version 0.22-a0-469-gf26638a71f (webtiles) character file.

349 Manul the Slasher (level 6, -3/47 HPs)
             Began as a Demonspawn Gladiator on June 12, 2018.
             Killed by divine providence
             ... invoked by an orc priest
              (9 damage)
             ... on level 4 of the Dungeon.
             The game lasted 00:03:01 (2914 turns).

Manul the Slasher (Demonspawn Gladiator)            Turns: 2914, Time: 00:03:01

Health: -3/47      AC:  5    Str: 13 (14) XL:     6   Next: 33%
Magic:  6/6        EV: 12    Int: 10      God:
Gold:   131        SH:  0    Dex: 16      Spells: 5/5 levels left

rFire    . . .     SeeInvis .   a - +0 long sword
rCold    . . .     Gourm    +   (no shield)
rNeg     . . .     Faith    .   k - +0 ring mail
rPois    +         Spirit   .   (helmet restricted)
rElec    .         Reflect  .   (no cloak)
rCorr    .         Harm     .   (no gloves)
MR       .....                  (no boots)
Stlth    +.........             e - amulet of the gourmand
HPRegen  0.15/turn              q - ring of poison resistance
MPRegen  0.10/turn              (no ring)

@: no status effects
A: claws 2, horns 1, talons 1, rot immunity
a: no special abilities


You were on level 4 of the Dungeon.
You were very full.

You visited 1 branch of the dungeon, and saw 4 of its levels.

You collected 131 gold pieces.

Inventory:

Hand Weapons
 a - a +0 long sword (weapon)
 v - a +0 blowgun
 y - a +0 dagger of draining
Missiles
 d - 2 throwing nets (quivered)
 w - 8 poisoned needles
Armour
 c - a +0 helmet
 k - a +0 ring mail (worn)
Jewellery
 e - an amulet of the gourmand (around neck)
 m - an uncursed amulet of regeneration {unknown}
 q - a ring of poison resistance (left claw)
Wands
 r - a wand of iceblast (12)
 t - a wand of random effects (12)
Scrolls
 b - a scroll of amnesia {unknown}
 g - a scroll of teleportation {unknown}
 h - 3 scrolls of fog {unknown}
 i - a scroll of magic mapping {unknown}
 j - a scroll of identify {unknown}
 l - 5 scrolls of remove curse {unknown}
 n - 3 scrolls of random uselessness {unknown}
 u - a scroll of enchant weapon {unknown}
 A - a scroll of enchant armour {unknown}
Potions
 p - a potion of degeneration
 s - a potion of flight {unknown}
 x - 2 potions of heal wounds
 z - a potion of cancellation
Comestibles
 f - 15 rations


   Skills:
 + Level 3.1 Fighting
 + Level 4.8 Long Blades
 + Level 2.1 Throwing
 + Level 2.1 Armour
 + Level 3.6 Dodging
 + Level 0.3 Stealth


You had 5 spell levels left.
You didn't know any spells.
Your spell library was empty.

Dungeon Overview and Level Annotations

Branches:
Dungeon (4/15)
 Temple: D:4-7

Altars:
Nemelex Xobeh
Xom

Annotations:
D:4 Manul's ghost, weakling DsGl


Innate Abilities, Weirdness & Mutations

You have very sharp fingernails.
You have a pair of small horns on your head.
You have sharp toenails.
You are immune to rotting.


Message History

The orc priest is almost dead.
The orc priest hits you with a dagger.
The orc priest looks satisfied for a moment.
The orc priest invokes the aid of Beogh against you.
Pain shoots through your body!
* * * LOW HITPOINT WARNING * * *
The orc wizard casts a spell.
The orc wizard flickers and vanishes!
Deactivating autopickup; reactivate with Ctrl-A.
Manul's ghost barely misses you.
The orc priest calls upon Beogh to heal the orc priest.
The orc priest is healed somewhat.
The orc priest looks satisfied for a moment.
The orc priest begins to cast a cantrip, but forgets the words!
The orc priest calls down the wrath of Beogh upon you.
Beogh smites you!
* * * LOW HITPOINT WARNING * * *
The orc priest calls down the wrath of Beogh upon you.
Beogh smites you!
You die...

#.............
#........<....
#.............
#.............
#####............. ...
#........######### #.....
#........#......# #.....
#.......o#....... #.....
#@W..o.oo){......
#.....#+###........##.#....
....................# # .
....................#.#
....................#.#
....................'.#....
...................>#.#....
#########'#.....≈..##.#.....
#......≈.≈≈..+.. #....


You could see 3 orc priests, Manul's ghost and an orc.

Vanquished Creatures
  Edmund (D:4)
  A phantom (D:4)
  An orc wizard (D:4)
  4 adders
  An ooze (D:2)
  A worm (D:2)
  A leopard gecko (D:2)
  7 orcs
  4 ball pythons
  6 bats
  5 giant cockroaches
  8 goblins
  5 hobgoblins
  3 jackals (D:2)
  7 kobolds
  2 quokkas
  7 frilled lizards
  9 rats
73 creatures vanquished.

Notes
Turn   | Place    | Note
-------+----------+-------------------------------------------
     0 | D:1      | Manul the Demonspawn Gladiator began the quest for the Orb.
     0 | D:1      | Reached XP level 1. HP: 16/16 MP: 1/1
     2 | D:1      | Noticed a halfling
     2 | D:1      | Noticed a human
     4 | D:1      | Noticed a formicid
     4 | D:1      | Noticed a ghoul
     6 | D:1      | Noticed an octopode
     6 | D:1      | Noticed a tengu
     8 | D:1      | Noticed a troll
    10 | D:1      | Noticed a vampire
    10 | D:1      | Noticed a draconian
    12 | D:1      | Noticed an elf
    12 | D:1      | Noticed a naga
    14 | D:1      | Noticed a dwarf
    16 | D:1      | Noticed an ogre
    16 | D:1      | Noticed a demonspawn
    18 | D:1      | Noticed a centaur
    20 | D:1      | Noticed a vine stalker
    20 | D:1      | Noticed a demigod
    22 | D:1      | Noticed a gargoyle
    22 | D:1      | Noticed a minotaur
    24 | D:1      | Noticed a felid
    26 | D:1      | Noticed a merfolk
    26 | D:1      | Noticed a spriggan
    98 | D:1      | Gained mutation: You have sharp fingernails. [demonic ancestry]
    98 | D:1      | Reached XP level 2. HP: 15/22 MP: 2/2
   876 | D:2      | Reached skill level 1 in Armour
   876 | D:2      | Gained mutation: You have sharp toenails. [demonic ancestry]
   876 | D:2      | Reached XP level 3. HP: 26/28 MP: 3/3
   908 | D:2      | Reached skill level 3 in Long Blades
  1166 | D:2      | Gained mutation: You have very sharp fingernails. [demonic ancestry]
  1166 | D:2      | Reached XP level 4. HP: 33/34 MP: 4/4
  1183 | D:2      | Found a shimmering altar of Xom.
  1426 | D:3      | Found a sparkling altar of Nemelex Xobeh.
  1990 | D:4      | Noticed a phantom
  2213 | D:4      | Gained mutation: You are immune to rotting. [demonic ancestry]
  2213 | D:4      | Reached XP level 5. HP: 20/39 MP: 5/5
  2401 | D:4      | Noticed Edmund
  2424 | D:4      | Killed Edmund
  2424 | D:4      | Reached skill level 4 in Long Blades
  2867 | D:4      | Killed a phantom
  2867 | D:4      | Gained mutation: You have a pair of small horns on your head. [demonic ancestry]
  2867 | D:4      | Reached XP level 6. HP: 42/47 MP: 6/6
  2906 | D:4      | Noticed Manul's ghost (weakling DsGl)
  2914 | D:4      | Killed from afar by an orc priest

Vault maps used:
D:1:      kb_arrival_jail, st_stairs_6
D:2:      xom_butterflies
D:3:      first_ration, hangedman_abyss_or_decor_lesser_grid, glass_columns_a,
          nemelex_diamond_rough_becter
D:4:      cheibrodos_pilgrimage, minmay_temple_entry_butterflies, dk_vineyard_3,
          minmay_item_behind_shaft, kennysheep_generic_room_16, uniq_edmund

Skill      XL: |  1  2  3  4  5 |
---------------+----------------+-----
Dodging        | 3 |  3.6
Throwing       | 2 |  2.1
Armour         | 1 2 |  2.1
Long Blades    | 3 4 |  4.8
Fighting       | 3 |  3.1
Stealth        | |  0.3

Action                   |  1- 3 |  4- 6 || total
-------------------------+-------+-------++-------
Melee: Long sword        |    76 |   106 ||   182
       Kick              |    10 |    36 ||    46
Throw: Throwing net      |       |     3 ||     3
Evoke: Wand              |       |     1 ||     1
  Use: Potion            |       |     4 ||     4
 Stab: Held in net/web   |       |     1 ||     1
  Eat: Chunk             |    12 |     5 ||    17
Armor: Leather armour    |     5 |       ||     5
       Ring mail         |    25 |    30 ||    55
       Skin              |       |    13 ||    13
Dodge: Dodged            |    67 |    64 ||   131
       Rpst.: Long sword |    17 |    24 ||    41

Table legend:
 A = Spawn XP
 B = Non-spawn XP
 C = Spawn XP percentage of total XP
 D = Spawn monster count
 E = Non-spawn monster count
 F = Spawn count percentage of total count
 G = Total turns spent on level
                    A         B        C        D         E        F      G
               +---------+---------+-------+---------+---------+-------+---------
         Total |       0 |     499 |   0.0 |       0 |      73 |   0.0 |  2914
               +---------+---------+-------+---------+---------+-------+---------
           D:1 |       0 |      35 |   0.0 |       0 |      22 |   0.0 |   868
           D:2 |       0 |      78 |   0.0 |       0 |      20 |   0.0 |   438
           D:3 |       0 |      44 |   0.0 |       0 |      18 |   0.0 |   840
           D:4 |       0 |     342 |   0.0 |       0 |      13 |   0.0 |   768
               +---------+---------+-------+---------+---------+-------+---------
